 Dungeon Crawl Stone Soup version 0.31-a0-1165-g196b491b36 (webtiles) character file.

Game seed: 8499611158986135175

84 Zdeegee the Caller (level 4, -8/24 HPs)
             Began as a Deep Elf Summoner on Dec 9, 2023.
             Killed from afar by Ijyb (18 damage)
             ... with a bolt of dispelling energy
             ... on level 3 of the Dungeon on Dec 10, 2023.
             The game lasted 00:07:23 (2821 turns).

Zdeegee the Caller (Deep Elf Summoner)              Turns: 2821, Time: 00:07:24

Health: -8/24      AC:  3    Str:  5    XL:     4   Next: 24%
Magic:  8/12       EV: 12    Int: 22    God:
Gold:   143        SH:  0    Dex: 15    Spells: 2/11 levels left

rFire   . . .        c - +2 whip (venom)
rCold   . . .        (no shield)
rNeg    . . .        a - +0 robe
rPois   .            g - +0 helmet
rElec   .            (no cloak)
rCorr   .            (no gloves)
SInv    .            (no boots)
Will    .....        (no amulet)
Stlth   ++           (no ring)
HPRegen 0.24/turn    (no ring)
MPRegen 0.13/turn

%: no passive effects
@: no status effects
A: no striking features
a: no special abilities


You were on level 3 of the Dungeon.
You visited 1 branch of the dungeon, and saw 3 of its levels.

You collected 143 gold pieces.

Inventory:

Hand Weapons
 c - a +2 whip of venom (weapon)
Armour
 a - a +0 robe (worn)
 g - a +0 helmet (worn)
 l - a +0 helmet
Scrolls
 d - a scroll of enchant armour {unknown}
 f - 2 scrolls of teleportation
 h - a scroll of noise {unknown}
 j - a scroll of immolation
 k - a scroll of amnesia {unknown}
 n - a scroll of poison {unknown}
Potions
 b - a potion of magic
 e - a potion of curing
 i - a potion of attraction {unknown}
 m - 2 potions of mutation
 o - a potion of might {unknown}


   Skills:
 * Level 0.3 Fighting
 * Level 0.7 Maces & Flails
 + Level 0.7 Ranged Weapons
 * Level 2.5 Dodging
 + Level 2.5 Stealth
 * Level 4.0 Spellcasting
 * Level 0.7 Conjurations
 * Level 4.9 Summonings
 * Level 1.5 Invocations


You had 2 spell levels left.
You knew the following spells:

 Your Spells              Type           Power      Damage    Failure   Level
a - Summon Small Mammal   Summ           100%       N/A       1%          1
b - Call Imp              Summ           52%        N/A       2%          2
c - Call Canine Familiar  Summ           26%        N/A       4%          3
d - Summon Guardian Gole  Hex/Summ       15%        N/A       12%         3

Your spell library contained the following spells:

 Spells                   Type           Power      Damage    Failure   Level
 Dazzling Flash           Conj/Hex       12%        N/A       28%         3
 Volatile Blastmotes      Fire/Tloc      8%         2d10      32%         3
 Summon Lightning Spire   Summ/Air       15%        N/A       38%         4
 Starburst                Conj/Fire      3%         6d3       100%        6
 Maxwell's Capacitive Co  Air            2%         ∞         100%        8


Dungeon Overview and Level Annotations

Branches:
Dungeon (3/15)

Altars:
Kikubaaqudgha
Qazlal
Ru
Vehumet
Yredelemnul

Shops:
D:1 (   D:2 (

Annotations:
D:3 Grinder, Ijyb


Message History

Your cerulean imp hits Ijyb but does no damage.
What are your orders? t - Shout!
Orders for allies: a - Attack new target. r - Retreat! s - Stop attacking. g - Guard the area. f - Follow me.
Anything else - Cancel.
Gang up on whom?
Press: ? - help, Dir - move target, f - Ijyb
Aim: Ijyb, wielding a +0 dagger, wearing a +0 chain mail and carrying a wand of quicksilver (ally target) Attack!
Ijyb closely misses your cerulean imp.
Your cerulean imp hits Ijyb but does no damage.
Ijyb closely misses your cerulean imp.
Your cerulean imp hits Ijyb but does no damage.
Ijyb screams, "No!
No, no, no, no!"
Ijyb barely misses your cerulean imp.
Your cerulean imp barely misses Ijyb.
Ijyb hits your cerulean imp with a +0 dagger.
Your cerulean imp hits Ijyb but does no damage.
Ijyb closely misses your cerulean imp.
Your cerulean imp hits Ijyb but does no damage.
Ijyb hits your cerulean imp with a +0 dagger.
Your cerulean imp hits Ijyb with a -2 spear.
Ijyb misses your cerulean imp.
Your cerulean imp hits Ijyb with a -2 spear.
Ijyb zaps a wand.
The bolt of dispelling energy hits your cerulean imp!
The bolt of dispelling energy hits your hound!
The bolt of dispelling energy hits you!
Ouch! That really hurt!
Your cerulean imp hits Ijyb with a -2 spear.
Ijyb zaps a wand.
The bolt of dispelling energy hits your cerulean imp!
Your cerulean imp dies!
Your cerulean imp disappears in a puff of smoke!
The bolt of dispelling energy hits your hound!
Your hound dies!
Your hound's corpse disappears in a puff of smoke!
The bolt of dispelling energy hits you!!
Ouch! That really hurt!
You die...

##...## #.#
#+## #.#
####.### #g#
.......######
#§#
#..........#
#§#
#.....####.#
#.# ##.....#
##.## #.#
.......#
#...####.#
####.#.#
#......@.#
####.#.#
#...######
.......#
#####
####.### #.#
#.# #.# #.#
#.#


There were no monsters in sight!

Vanquished Creatures
  A bat (D:3)
  2 endoplasms
  3 giant cockroaches (D:3)
  4 quokkas
  2 ball pythons (D:1)
  3 kobolds (D:1)
15 creatures vanquished.

Vanquished Creatures (collateral kills)
  Jessica (D:3)
  2 adders (D:2)
  A worm (D:3)
  A dart slug (D:2)
  An endoplasm (D:3)
  3 goblins
  5 ball pythons
  A frilled lizard (D:3)
  2 kobolds
  4 rats
21 creatures vanquished.

Grand Total: 36 creatures vanquished

Notes
Turn   | Place    | Note
-------+----------+-------------------------------------------
     0 | D:1      | Zdeegee the Deep Elf Summoner began the quest for the Orb.
     0 | D:1      | Reached XP level 1. HP: 10/10 MP: 6/6
   304 | D:1      | Reached skill level 1 in Invocations
   318 | D:1      | Found Irghedgh's Antique Weapon Boutique.
   325 | D:1      | Reached XP level 2. HP: 9/15 MP: 5/8
   548 | D:1      | Learned a level 2 spell: Call Imp
   944 | D:2      | Upgraded the game from 0.31-a0-1163-gcee99d1eea to
                  | 0.31-a0-1165-g196b491b36
   995 | D:2      | Found Tumecer's Antique Weapon Shoppe.
  1148 | D:2      | Found a stormy altar of Qazlal.
  1273 | D:2      | Identified the +3 ring mail of Space {Int+2}
  1312 | D:2      | Reached XP level 3. HP: 19/19 MP: 7/10
  1823 | D:3      | Learned a level 3 spell: Call Canine Familiar
  1827 | D:3      | Learned a level 3 spell: Summon Guardian Golem
  1866 | D:3      | Noticed Jessica
  1891 | D:3      | Killed Jessica
  1892 | D:3      | Reached XP level 4. HP: 24/24 MP: 2/11
  1900 | D:3      | Noticed a black bear
  2159 | D:3      | Noticed Grinder
  2475 | D:3      | Found a radiant altar of Vehumet.
  2595 | D:3      | Found a sacrificial altar of Ru.
  2598 | D:3      | Found an ancient bone altar of Kikubaaqudgha.
  2623 | D:3      | Found a basalt altar of Yredelemnul.
  2808 | D:3      | Noticed Ijyb
  2821 | D:3      | Killed from afar by Ijyb

Illustrated notes

Levels and vault maps discovered:
D:1:      dpeg_arrival_arbitrary_c, layout_basic, serial_shops, shop,
          minmay_box_of_dots
D:2:      layout_loops_ring, basic_altar, serial_forest,
          infiniplex_forest_straight_2, infiniplex_forest_straight_2,
          infiniplex_forest_lined_room_, infiniplex_forest_clump_long,
          infiniplex_forest_lined_1, infiniplex_forest_corner_1,
          infiniplex_forest_straight_1, infiniplex_forest_straight_3,
          serial_shops, nicolae_shop_gibbet_a_chance
D:3:      layout_loops_corners, gammafunk_temple_overflow_forgotten,
          nicolae_vehumet_altar_sigil, uniq_grinder, uniq_jessica, uniq_ijyb

Skill      XL: |  1  2  3  4 |
---------------+-------------+-----
Invocations    | 1 |  1.5
Spellcasting   | 4 |  4.0
Fighting       | |  0.3
Maces & Flails | |  0.7
Ranged Weapons | |  0.7
Dodging        | |  2.5
Stealth        | |  2.5
Conjurations   | |  0.7
Summonings     | |  4.9

Action                     |  1- 3 |  4- 6 || total
---------------------------+-------+-------++-------
  Melee: Whip              |    28 |    14 ||    42
   Cast: Summon Small Mamm |    30 |     9 ||    39
         Call Imp          |    14 |     7 ||    21
         Call Canine Famil |     1 |     4 ||     5
         Summon Guardian G |       |     2 ||     2
    Use: Scroll            |     3 |     1 ||     4
   Stab: Sleeping          |     1 |     1 ||     2
 Armour: Robe              |    17 |     6 ||    23
  Dodge: Dodged            |    28 |     9 ||    37

Table legend: (Time is in decaauts)
 A = Elapsed time spent in this place.
 B = Non-inter-level travel time spent in this place.
 C = Inter-level travel time spent in this place.
 D = Time resting spent in this place.
 E = Time spent auto-exploring this place.
 F = Levels seen in this place.
 G = Mean time per level.
                   A        B        C        D        E       F      G
               +--------+--------+--------+--------+--------+-----+--------+
         Total |   2824 |   2719 |    105 |    159 |   2035 |   3 |  941.3 |
       Dungeon |   2824 |   2719 |    105 |    159 |   2035 |   3 |  941.3 |
               +--------+--------+--------+--------+--------+-----+--------+

Top non-repeatable levels by time:
     D:3: 1006 daAuts
     D:2: 1006 daAuts
     D:1: 811 daAuts
